 Dungeon Crawl Stone Soup version 0.26-a0-64-g059e62fbdb (webtiles) character file.

Game seed: 6243333123671837864

110815 inmateoo the Ogre Mage (level 16, -4/172 HPs)
             Began as an Ogre Fire Elementalist on June 11, 2020.
             Was the Champion of Vehumet.
             Hit by a large rock thrown by Polyphemus (42 damage)
             ... on level 2 of the Shoals.
             The game lasted 00:59:13 (30703 turns).

inmateoo the Ogre Mage (Ogre Fire Elementalist)    Turns: 30703, Time: 00:59:13

Health: -4/172     AC: 16    Str: 11    XL:     16   Next: 56%
Magic:  22/34      EV: 19    Int: 21    God:    Vehumet [******]
Gold:   430        SH:  5    Dex:  9    Spells: 10/43 levels left

rFire    + + .     SeeInvis .   s - +6 quarterstaff (venom)
rCold    + + .     Gourm    .   (shield currently unavailable)
rNeg     + + +     Faith    .   x - +4 acid dragon scales of the Jolly Suns {rF++ Regen+ rCorr}
rPois    +         Spirit   .   t - +2 hat {MR+}
rElec    +         Reflect  +   g - +1 cloak of Starlight {rElec rC+ EV+4 Stlth--}
rCorr    +         Harm     .   (gloves unavailable)
MR       ++...                  (boots unavailable)
Stlth    ..........             O - amulet of Qabbukle {Reflect rPois rC+ rN+++ Str-5 SH+5}
HPRegen  0.78/turn              W - +4 ring of evasion
MPRegen  0.24/turn              a - ring of wizardry

@: mesmerised
A: large, unfitting armour, tough skin 1
a: Renounce Religion


You were on level 2 of the Shoals.
You worshipped Vehumet.
Vehumet was exalted by your worship.
You were hungry.

You visited 5 branches of the dungeon, and saw 26 of its levels.
You also visited: Gauntlet.

You collected 3470 gold pieces.
You spent 3040 gold pieces at shops.

Inventory:

Hand Weapons
 s - a +6 quarterstaff of venom (weapon)
Missiles
 h - 645 stones (quivered)
 B - 3 throwing nets
Armour
 g - the +1 cloak of Starlight (worn) {rElec rC+ EV+4 Stlth--}
   (You bought it in a shop on level 2 of the Orcish Mines)

   It affects your evasion (+4).
   It protects you from cold.
   It insulates you from electricity.
   It makes you much less stealthy.
 t - a +2 hat of magic resistance (worn)
 x - the +4 acid dragon scales of the Jolly Suns (worn) {rF++ Regen+ rCorr}
   (You found it on level 7 of the Dungeon)

   It greatly protects you from fire.
   It increases your rate of regeneration.
   It provides partial protection from all sources of acid and corrosion.
 V - the +2 shield of Resistance {rF+ rC+ MR+}
   (You found it on level 13 of the Dungeon)

   It protects you from fire.
   It protects you from cold.
   It affects your resistance to hostile enchantments.
Magical Staves
 K - an uncursed staff of conjuration
 P - an uncursed staff of energy
Jewellery
 a - a ring of wizardry (right hand)
 f - an uncursed ring of wizardry
 y - an uncursed ring of protection from cold
 O - the amulet of Qabbukle (around neck) {Reflect rPois rC+ rN+++ Str-5 SH+5}
   (You found it in a Gauntlet)

   [amulet of reflection]

   It shields you and reflects attacks.
   It affects your strength (-5).
   It protects you from cold.
   It protects you from poison.
   It renders you almost immune to negative energy.
   It affects your SH (+5).
 W - a +4 ring of evasion (left hand)
Wands
 i - a wand of flame (32)
 j - a wand of polymorph (18)
 q - a wand of paralysis (3)
 u - a wand of acid (11)
 I - a wand of iceblast (30)
 M - a wand of digging (7)
 S - a wand of disintegration (10)
 Y - a wand of clouds (2)
Scrolls
 d - 3 scrolls of blinking
 n - 4 scrolls of fog
 o - 4 scrolls of magic mapping
 r - 12 scrolls of teleportation
 D - 9 scrolls of remove curse
 E - 2 scrolls of fear
 L - 2 scrolls of summoning
 Q - a scroll of brand weapon
 R - 4 scrolls of identify
 X - a scroll of immolation
Potions
 b - 2 potions of heal wounds
 e - 3 potions of invisibility
 k - 4 potions of brilliance
 m - 4 potions of stabbing
 p - 4 potions of cancellation
 v - 5 potions of flight
 w - 3 potions of berserk rage
 z - 7 potions of might
 A - 2 potions of magic
 C - 2 potions of haste
 H - 2 potions of mutation
 J - 4 potions of curing
 T - 2 potions of resistance
 U - 2 potions of ambrosia
Miscellaneous
 N - a lightning rod (4/4)
Comestibles
 c - 47 rations


   Skills:
 - Level 14.0 Fighting
 - Level 7.0 Staves
 - Level 6.0 Armour
 - Level 6.0 Dodging
 - Level 5.0 Stealth
 * Level 4.2 Shields
 + Level 14.4 Spellcasting
 - Level 6.0 Conjurations
 + Level 4.1 Necromancy
 * Level 14.1 Fire Magic
 - Level 5.0 Earth Magic
 - Level 5.0 Poison Magic
 + Level 3.0 Evocations


You had 10 spell levels left.
You knew the following spells:

 Your Spells              Type           Power        Failure   Level  Hunger
a - Foxfire               Conj/Fire      ####         1%          1    None
b - Dispel Undead         Necr           ####....     4%          4    None
c - Sticky Flame          Conj/Fire      ######..     1%          4    None
d - Fireball              Conj/Fire      ######....   1%          5    ###....
e - Stone Arrow           Conj/Erth      #####.       1%          3    None
f - Olgreb's Toxic Radia  Pois           #####...     1%          4    None
g - Ignite Poison         Fire/Tmut/Pois #####...     1%          3    None
h - Inner Flame           Hex/Fire       #####...     1%          3    None
i - Iron Shot             Conj/Erth      #####.....   11%         6    #####..

Your spell library contained the following spells:

 Spells                   Type           Power        Failure   Level  Hunger
 Iskenderun's Battlesphe  Conj/Chrm      ####....     5%          5    ###....
 Sandblast                Erth           #####.       1%          1    None
 Sting                    Tmut/Pois      ####         1%          1    None
 Passwall                 Tmut/Erth      ####....     1%          2    None
 Poisonous Vapours        Pois/Air       ####..       1%          2    None
 Sublimation of Blood     Necr           ####......   1%          2    None
 Conjure Flame            Conj/Fire      ######..     1%          3    None
 Mephitic Cloud           Conj/Pois/Air  ####....     1%          3    None
 Bolt of Magma            Conj/Fire/Erth ######....   1%          5    ###....
 Infusion                 Chrm           ###.         2%          1    None
 Lee's Rapid Deconstruct  Erth           #####.....   2%          5    ###....
 Shroud of Golubria       Chrm/Tloc      ###...       3%          2    None
 Song of Slaying          Chrm           ###.....     3%          2    None
 Irradiate                Conj/Tmut      ####......   5%          5    ###....
 Ozocubu's Armour         Chrm/Ice       ###.....     8%          3    None
 Spectral Weapon          Hex/Chrm       ###.....     8%          3    None
 Leda's Liquefaction      Hex/Erth       ####......   9%          4    None
 Petrify                  Tmut/Erth      ####....     9%          4    None
 Agony                    Necr           ####....     12%         5    ###....
 Alistair's Intoxication  Tmut/Pois      ####....     24%         5    ###....
 Excruciating Wounds      Chrm/Necr      ###.......   26%         5    ###....
 Freezing Cloud           Conj/Ice/Air   ###.......   36%         6    #####..
 Metabolic Englaciation   Hex/Ice        ###.......   52%         5    ###....
 Ozocubu's Refrigeration  Ice            ###.......   61%         6    #####..
 Ring of Flames           Chrm/Fire      #####.....   69%         7    ######.
 Eringya's Noxious Bog    Tmut/Pois      ####......   75%         6    #####..
 Statue Form              Tmut/Erth      ####.....    75%         6    #####..
 Shatter                  Erth           #####.....   100%        9    #######


Dungeon Overview and Level Annotations

Branches:
Dungeon (15/15)            Temple (1/1) D:5            Lair (6/6) D:8
 Shoals (2/4) Lair:2        Snake (0/4) Lair:3        Slime (0/5) Lair:6
    Orc (2/2) D:9             Elf (0/3) Orc:2        Vaults (0/5) D:13
 Depths (0/5) D:15        Gauntlet (visited)

Altars:
Ashenzari
Cheibriados
Dithmenos
Elyvilon
Fedhas
Gozag
Hepliaklqana
Kikubaaqudgha
Makhleb
Nemelex Xobeh
Okawaru
Qazlal
Ru
Sif Muna
Trog
Uskayaw
Vehumet
Wu Jian
Xom
Yredelemnul
Zin
The Shining One
Jiyva

Shops:
D:6 *((   D:9 %!!=(   D:14 (   Orc:2 *(:[   Shoals:1 %

Portals:
Bazaar: D:12

Annotations:
D:7 acepyromaniac2's ghost, journeyman GrFi
D:13 1 runed translucent door
D:14 2 transporters, Zuss's ghost, journeyman TrTm
Lair:2 Snorg
Shoals:2 Polyphemus


Innate Abilities, Weirdness & Mutations

You are too large for most types of armour.
You have tough skin. (AC +1)


Message History

The large rock hits you! The death yak gores you!!
The merfolk siren chants its luring song.
The merfolk javelineer throws a javelin.
The javelin pierces through you!!
* * * LOW HITPOINT WARNING * * *
Things that are here:
a large rock; a javelin You cannot move away from the merfolk siren!
Unknown command.
Unknown command.
You feel much better.
Polyphemus throws a large rock.
The large rock hits you!!
* * * LOW HITPOINT WARNING * * *
The death yak closely misses you.
The merfolk siren chants its luring song.
A merfolk comes into view. It is wielding a +0 trident.
Unknown command.
Unknown command.
You feel much better.
Polyphemus throws a large rock.
The large rock hits you!!!
You die...

. . .## #..#
## #... ...
##.. ....
###Y## ..≈≈≈
#<@(§#...≈≈≈
##.(§.§..≈≈≈
###☼C§....≈
#.m......
...m....%
....m....
....%.?...
≈≈..≈m.m#%
≈≈≈.....##


You could see Polyphemus (very poisoned), 2 merfolk javelineers, a death yak
(very poisoned), a merfolk and 2 merfolk sirens.

Vanquished Creatures
  Rupert (D:12)
  An orc warlord (Orc:1)
  A stone giant (Orc:2)
  A minotaur (Gauntlet)
  An ettin (D:15)
  3 fire dragons (D:13)
  A merfolk impaler (Shoals:1)
  2 ice dragons (D:13)
  5 catoblepae
  3 vault guards (D:13)
  7 hydras
  3 centaur warriors
  Erica (D:8)
  5 two-headed ogres
  A hell hog (Gauntlet)
  10 death yaks
  A tengu warrior (D:11)
  2 death scarabs (Gauntlet)
  2 orc high priests (Orc:2)
  Urug (Lair:4)
  Nergalle (Lair:3)
  A fire crab (Lair:5)
  6 skeletal warriors
  4 unseen horrors
  2 sea snakes (Shoals:1)
  A deep troll (D:15)
  A spectral hydra (Gauntlet)
  A deep elf archer (D:15)
  6 orc knights
  10 harpies (Shoals:1)
  A wolf spider zombie (D:15)
  3 ugly things
  5 orc sorcerers (Orc:2)
  A deep elf mage (D:15)
  3 fauns (Shoals:1)
  3 cyclopes
  4 manticores
  5 merfolk sirens (Shoals:1)
  4 black mambas
  2 gargoyles (D:14)
  Maggie (D:8)
  2 rime drakes
  12 spiny frogs
  4 centaur skeletons
  7 komodo dragons
  An efreet (D:14)
  2 yaktaurs
  3 merfolk (Shoals:1)
  2 polar bears
  A tengu conjurer (D:15)
  Grinder (D:3)
  Prince Ribbit (D:8)
  3 trolls
  5 hornets
  A raiju (shapeshifter) (D:14)
  19 blink frogs
  9 hippogriffs
  A spectral dream sheep (Gauntlet)
  Sigmund (D:4)
  A spriggan (Lair:3)
  2 wraiths
  10 wyverns
  60 yaks
  8 humans (D:13)
  Grum (D:8)
  2 hungry ghosts
  4 fire bats (Gauntlet)
  4 vampire mosquitoes (D:15)
  5 wargs
  25 water moccasins
  2 hell hounds (Gauntlet)
  An acid dragon (D:14)
  28 orc warriors
  9 porcupines
  4 sky beasts
  A black bear (Lair:3)
  2 eyes of draining (D:13)
  6 ice beasts
  A necrophage (D:13)
  18 wolves
  8 centaurs
  10 ogres
  12 crocodiles
  2 big kobolds
  14 bullfrogs
  2 gnoll sergeants
  3 scorpions
  A water moccasin skeleton (D:7)
  A howler monkey (D:4)
  8 wights
  3 electric eels
  5 crimson imps
  4 centaur zombies
  2 bullfrog zombies
  6 hounds
  A bullfrog skeleton (D:11)
  A gnoll shaman (D:7)
  18 orc priests
  3 jellies
  Crazy Yiuf (D:2)
  5 iguanas
  Natasha (thrice) (D:2)
  11 orc wizards
  6 worker ants
  4 hell rats
  A killer bee zombie (D:7)
  2 hound skeletons
  2 worker ant zombies
  Robin (D:2)
  15 gnolls
  A howler monkey skeleton (D:7)
  18 adders
  8 river rats
  A shadow imp (D:10)
  An adder zombie (D:10)
  5 worms
  4 dart slugs (D:1)
  6 leopard geckos
  76 orcs
  A ball python (D:3)
  10 bats
  7 giant cockroaches
  17 goblins
  11 hobgoblins
  18 jackals
  7 quokkas
  3 frilled lizards
  18 kobolds
  7 rats
  4 bushes (Shoals:1)
  A plant (Lair:5)
765 creatures vanquished.

Vanquished Creatures (collateral kills)
  A crocodile (Lair:1)
1 creature vanquished.

Vanquished Creatures (others)
  A vault guard (D:13)
  A manticore (Shoals:1)
  A phantom (D:6)
  3 bushes (Lair:6)
  507 foxfires
  14 fungi
  9 plants
  A withered plant (Gauntlet)
537 creatures vanquished.

Grand Total: 1303 creatures vanquished

Notes
Turn   | Place    | Note
-------+----------+-------------------------------------------
     0 | D:1      | inmateoo the Ogre Fire Elementalist began the quest for the
                  | Orb.
     0 | D:1      | Reached XP level 1. HP: 16/16 MP: 3/3
    17 | D:1      | Reached skill level 1 in Conjurations
   558 | D:1      | Reached XP level 2. HP: 24/24 MP: 3/5
   915 | D:1      | Reached XP level 3. HP: 31/31 MP: 7/7
  1577 | D:1      | Learned a level 3 spell: Conjure Flame
  1770 | D:2      | Noticed Natasha
  1777 | D:2      | Killed Natasha
  1777 | D:2      | Reached XP level 4. HP: 23/39 MP: 2/8
  2063 | D:2      | Noticed Natasha
  2080 | D:2      | Killed Natasha
  2118 | D:2      | Noticed Robin
  2351 | D:2      | Learned a level 4 spell: Sticky Flame
  2459 | D:2      | Reached XP level 5. HP: 45/45 MP: 5/10
  2563 | D:2      | Found a runed translucent door.
  2564 | D:2      | Noticed Crazy Yiuf
  2639 | D:2      | Killed Robin
  2866 | D:2      | Noticed Natasha
  2913 | D:2      | Killed Natasha
  3387 | D:2      | Killed Crazy Yiuf
  3786 | D:3      | Reached XP level 6. HP: 54/54 MP: 9/12
  3882 | D:3      | Found a sparkling altar of Nemelex Xobeh.
  3888 | D:3      | Reached skill level 1 in Fighting
  4058 | D:3      | Noticed Grinder
  4117 | D:3      | Killed Grinder
  4117 | D:3      | Reached XP level 7. HP: 59/66 MP: 12/14
  4473 | D:3      | Found an ornate altar of the Wu Jian Council.
  4739 | D:4      | Reached skill level 5 in Spellcasting
  4748 | D:4      | Found a bloodstained altar of Trog.
  5095 | D:4      | Noticed Sigmund
  5101 | D:4      | Killed Sigmund
  5513 | D:5      | Entered Level 5 of the Dungeon
  5525 | D:5      | Found a hazy altar of Hepliaklqana.
  5622 | D:5      | Reached XP level 8. HP: 78/78 MP: 12/16
  5630 | D:5      | Found a staircase to the Ecumenical Temple.
  5642 | Temple   | Entered the Ecumenical Temple
  5700 | Temple   | Became a worshipper of Vehumet
  5758 | D:5      | Reached skill level 5 in Fire Magic
  6659 | D:6      | Found Sympergh's General Store.
  6709 | D:6      | Bought a scroll of identify for 30 gold pieces
  6768 | D:6      | Found Ewouxu's Antique Weapon Shop.
  6843 | D:6      | Reached * piety under Vehumet
  6843 | D:6      | Offered knowledge of Magic Dart by Vehumet.
  6843 | D:6      | Reached skill level 5 in Conjurations
  6931 | D:6      | Found a burning altar of Makhleb.
  7045 | D:6      | Found Arim's Antique Weapon Emporium.
  7316 | D:7      | Reached XP level 9. HP: 81/84 MP: 13/19
  7323 | D:7      | Learned a level 5 spell: Fireball
  7769 | D:7      | Got dazzling acid dragon scales
  7781 | D:7      | Identified the +4 acid dragon scales of the Jolly Suns
                  | {rF++ Regen+ rCorr} (You found it on level 7 of the
                  | Dungeon)
  8050 | D:7      | Identified the +2 robe of the Skies Above {MR+} (You found
                  | it on level 7 of the Dungeon)
  8537 | D:8      | Found a staircase to the Lair.
  8537 | D:8      | Noticed a death yak
  8537 | D:8      | Noticed a death yak
  8539 | D:8      | Noticed a death yak
  8565 | D:7      | Killed a death yak
  8675 | D:8      | Noticed a troll
  8698 | D:7      | Killed a troll
  8698 | D:7      | Reached skill level 1 in Armour
  8787 | D:8      | Reached skill level 5 in Fighting
  8787 | D:8      | Reached XP level 10. HP: 62/96 MP: 13/22
  8810 | D:8      | Noticed Maggie
  8827 | D:8      | Killed Maggie
  8836 | D:8      | Noticed Grum
  8943 | D:8      | Killed Grum
  9046 | D:8      | Reached ** piety under Vehumet
  9050 | D:8      | Offered knowledge of Shock by Vehumet.
  9152 | D:7      | Killed a death yak
  9261 | D:8      | Killed a death yak
  9646 | D:8      | Noticed Prince Ribbit
  9656 | D:8      | Killed Prince Ribbit
  9674 | D:8      | Noticed a two-headed ogre
  9682 | D:8      | Killed a two-headed ogre
  9682 | D:8      | Reached XP level 11. HP: 80/111 MP: 17/24
  9759 | D:8      | Noticed Erica
  9774 | D:8      | Killed Erica
  9774 | D:8      | Reached skill level 10 in Spellcasting
 10648 | D:9      | Found Ehu Oluox's Antique Weapon Shop.
 10665 | D:9      | Found Vavocw's Distillery.
 10757 | D:9      | Found Vymunwots's Jewellery Emporium.
 10805 | D:9      | Bought a potion of flight for 39 gold pieces
 10805 | D:9      | Bought a potion of heal wounds for 65 gold pieces
 10805 | D:9      | Bought a potion of heal wounds for 65 gold pieces
 10805 | D:9      | Bought a potion of heal wounds for 65 gold pieces
 10805 | D:9      | Bought a potion of stabbing for 52 gold pieces
 10805 | D:9      | Bought a potion of cancellation for 104 gold pieces
 10805 | D:9      | Bought a potion of might for 52 gold pieces
 10892 | D:9      | Found a staircase to the Orcish Mines.
 10930 | D:9      | Found Diahili's Food Shoppe.
 10947 | D:9      | Found Woir's Distillery.
 10981 | D:9      | Offered knowledge of Stone Arrow by Vehumet.
 11083 | D:9      | Learned a level 3 spell: Stone Arrow
 11087 | D:9      | Found a blossoming altar of Fedhas.
 11162 | D:10     | Entered Level 10 of the Dungeon
 11249 | D:10     | Reached skill level 1 in Earth Magic
 11278 | D:10     | Reached *** piety under Vehumet
 11457 | D:10     | Reached skill level 10 in Fire Magic
 11658 | D:10     | Reached skill level 1 in Staves
 11773 | D:10     | Noticed a two-headed ogre
 11783 | D:10     | Killed a two-headed ogre
 11869 | D:10     | Offered knowledge of Static Discharge by Vehumet.
 12259 | D:11     | Noticed a cyan ugly thing
 12270 | D:11     | Killed a cyan ugly thing
 12365 | D:11     | Noticed a six-headed hydra
 12371 | D:11     | Killed a six-headed hydra
 12685 | D:11     | Reached **** piety under Vehumet
 12685 | D:11     | Reached XP level 12. HP: 107/123 MP: 24/27
 12735 | D:11     | Noticed a two-headed ogre
 12760 | D:11     | Killed a two-headed ogre
 12833 | D:11     | Offered knowledge of Olgreb's Toxic Radiance by Vehumet.
 12839 | D:11     | Learned a level 4 spell: Olgreb's Toxic Radiance
 13360 | D:11     | Noticed a tengu warrior
 13365 | D:11     | Killed a tengu warrior
 13764 | D:12     | Reached skill level 10 in Fighting
 13807 | D:12     | Reached skill level 5 in Earth Magic
 13972 | D:12     | Noticed an eight-headed hydra
 13973 | D:12     | Noticed Rupert
 13975 | D:12     | Paralysed by Rupert for 2 turns
 14189 | D:12     | Killed an eight-headed hydra
 14456 | Lair:1   | Entered Level 1 of the Lair of Beasts
 14899 | Lair:1   | Identified a scroll of acquirement
 15214 | Lair:1   | Found a large runed translucent door.
 15214 | Lair:1   | Found a large runed translucent door.
 15215 | Lair:1   | Noticed acepyromaniac2's ghost (journeyman GrFi)
 15265 | Lair:1   | Learned a level 3 spell: Ignite Poison
 16060 | Lair:2   | Found a staircase to the Shoals.
 16485 | Lair:3   | Reached skill level 1 in Poison Magic
 16673 | Lair:3   | Reached XP level 13. HP: 131/140 MP: 20/29
 16673 | Lair:3   | Noticed Nergalle
 16686 | Lair:3   | Killed Nergalle
 16710 | Lair:3   | Noticed Snorg
 17188 | Lair:3   | Found a staircase to the Snake Pit.
 17692 | Lair:3   | Reached ***** piety under Vehumet
 17693 | Lair:3   | Offered knowledge of Lee's Rapid Deconstruction by Vehumet.
 18062 | Lair:3   | Reached skill level 5 in Staves
 19022 | Lair:4   | Noticed Urug
 19028 | Lair:4   | Killed Urug
 19540 | Lair:6   | Entered Level 6 of the Lair of Beasts
 19573 | Lair:5   | HP: 5/141 [spiny frog (15)]
 19586 | Lair:5   | HP: 5/141 [polar bear (17)]
 19752 | Lair:5   | Found a gate leading to a gauntlet.
 19761 | Gauntlet | Entered a Gauntlet
 19761 | Gauntlet | Found a transporter.
 19761 | Gauntlet | Found a transporter.
 19805 | Gauntlet | Found a transporter.
 19809 | Gauntlet | Found a transporter.
 19817 | Gauntlet | Found a transporter.
 19821 | Gauntlet | Found a transporter.
 19829 | Gauntlet | Found a transporter.
 19844 | Gauntlet | Found a runed translucent door.
 19845 | Gauntlet | Found a transporter.
 19848 | Gauntlet | Found a runed translucent door.
 19859 | Gauntlet | Found a transporter.
 19863 | Gauntlet | Found a transporter.
 19871 | Gauntlet | Found a transporter.
 19875 | Gauntlet | Found a transporter.
 20262 | Gauntlet | Got a heavily runed diamond amulet
 20264 | Gauntlet | Identified the amulet of Qabbukle {Reflect rPois rC+ rN+++
                  | Str-5 SH+5} (You found it in a Gauntlet)
 20340 | Gauntlet | Identified the cursed +0 shortbow "Ubyg" {flame, rPois rN+
                  | MR-}
 20340 | Gauntlet | Noticed a minotaur
 20355 | Gauntlet | HP: 7/141 [minotaur/+2 vorpal trident (3)]
 20356 | Gauntlet | Killed a minotaur
 20471 | Gauntlet | Identified the Almanac of the Noxious Snowflakes
 20474 | Gauntlet | Identified the Disquisition on Boosting Black Arts
 20571 | Lair:5   | Reached XP level 14. HP: 133/150 MP: 3/30
 20870 | Lair:5   | Learned a level 3 spell: Inner Flame
 22150 | Lair:6   | Reached skill level 5 in Armour
 22419 | Lair:6   | Reached skill level 5 in Dodging
 23153 | Lair:6   | Found a viscous altar of Jiyva.
 23154 | Lair:6   | Found a staircase to the Slime Pits.
 23707 | Orc:1    | Entered Level 1 of the Orcish Mines
 23717 | Orc:1    | Reached skill level 5 in Poison Magic
 23970 | Orc:2    | Entered Level 2 of the Orcish Mines
 23970 | Orc:2    | Found Bichamamok's General Store.
 23975 | Orc:2    | Reached skill level 5 in Stealth
 23981 | Orc:2    | Reached XP level 15. HP: 110/161 MP: 17/32
 24004 | Orc:2    | Offered knowledge of Yara's Violent Unravelling by Vehumet.
 24159 | Orc:2    | Noticed an orc warlord
 24172 | Orc:1    | Killed an orc warlord
 24403 | Orc:2    | Found Leotiylu's Antique Weapon Shop.
 24442 | Orc:2    | Found Enta's Book Boutique.
 24867 | Orc:2    | Found a staircase to the Elven Halls.
 24901 | Orc:2    | Found Ucewn's Antique Armour Emporium.
 24909 | Orc:2    | Bought the +1 cloak of Starlight {rElec rC+ EV+4 Stlth--}
                  | for 1646 gold pieces
 24909 | Orc:2    | Found the +1 cloak of Starlight {rElec rC+ EV+4 Stlth--}
 25254 | D:6      | Bought a scroll of acquirement for 780 gold pieces
 25254 | D:6      | Bought a scroll of summoning for 142 gold pieces
 25266 | D:6      | Learned a level 4 spell: Dispel Undead
 25741 | D:12     | Found a gateway to a bazaar.
 25796 | D:12     | Killed Rupert
 26633 | D:13     | Found a runed translucent door.
 26634 | D:13     | Found the +2 shield of Resistance {rF+ rC+ MR+}
 26670 | D:13     | Found a runed translucent door.
 26890 | D:13     | Reached ****** piety under Vehumet
 26890 | D:13     | Reached skill level 1 in Necromancy
 26926 | D:13     | Found a gate to the Vaults.
 27083 | D:13     | Learned a level 6 spell: Iron Shot
 27232 | D:14     | Noticed Zuss's ghost (journeyman TrTm)
 27233 | D:14     | Noticed a fire giant
 27251 | D:14     | Offered knowledge of Iskenderun's Battlesphere by Vehumet.
 27392 | D:14     | Found a transporter.
 27400 | D:14     | Found a transporter.
 27579 | D:14     | Reached skill level 1 in Evocations
 27772 | D:14     | Found Yfedolah's Antique Weapon Shoppe.
 28122 | D:15     | Entered Level 15 of the Dungeon
 28131 | D:15     | Reached skill level 1 in Shields
 28131 | D:15     | Reached XP level 16. HP: 151/172 MP: 34/34
 28173 | D:15     | Found a radiant altar of Vehumet.
 28223 | D:15     | Found a sparkling altar of Nemelex Xobeh.
 28432 | D:15     | Found a staircase to the Depths.
 29512 | Shoals:1 | Entered Level 1 of the Shoals
 29856 | Shoals:1 | Found Jeihonky's Food Shop.
 30690 | Shoals:2 | Noticed Polyphemus
 30703 | Shoals:2 | Hit by a large rock thrown by Polyphemus

Illustrated notes

Levels and vault maps discovered:
D:1:      dpeg_arrival_round_c, layout_basic
D:2:      layout_loops_ring, first_ration, kennysheep_pointless_box,
          roderic_st_hans_cross, solitary_fountain, uniq_robin, uniq_natasha,
          uniq_crazy_yiuf_cottage
D:3:      layout_loops_ring, lemuel_coloured_pillars_altar, lemuel_round_altar,
          dk_vineyard_2, uniq_grinder
D:4:      layout_basic, lemuel_round_altar, minmay_misc_feat_cross,
          serial_bayou_pond_d, uniq_sigmund
D:5:      layout_basic, old_standard_altar, minmay_temple_entry_junction,
          corexii_leaking_fountain
D:6:      layout_cave_pools, kennysheep_mini_moat, serial_shops, shop, shop,
          nicolae_shop_behind_doors
D:7:      layout_layer_cave
D:8:      layout_layer_cave, dpeg_lair_monsters, uniq_prince_ribbit1,
          uniq_maggie, uniq_grum, uniq_erica
D:9:      layout_basic, marbit_many_paths, david_orc_2, serial_shops,
          nicolae_shop_competitors_out_of_business, nicolae_shop_waterfront,
          shop, nicolae_shop_stone, nicolae_shop_crystal
D:10:     layout_roguey
D:11:     layout_loops_corners, grunt_tengu_nest, fungi_pond_lemuel
D:12:     layout_irregular_city, serial_shops, bzr_entry_customers, uniq_rupert
D:13:     layout_loops_ring, ximxim_vaults_locker_room, skrybe_limestone_x,
          minmay_guarded_unrand_resistance
D:14:     layout_basic, hangedman_abyss_or_decor_lesser_grid,
          gammafunk_ghost_arena, serial_shops, shop
D:15:     hangedman_depths_entry_civil_slaughter, layout_loops_ring,
          nemelex_xobeh_ov_fountains_minmay, basic_altar, minivault_5
Temple:   compressed_dpeg_circular_temple
Lair:1:   layout_hall_layers, ebering_ghost_disaster_area
Lair:2:   layout_long_grid, elwin_shoals_entry_rocks
Lair:3:   layout_chaotic_city, minmay_snake_entry_six_corridors,
          grunt_forest_stairs_clearing, grunt_megastairs_3,
          serial_bayou_shore_a, lemuel_fruit_fields, infiniplex_staircase_pool,
          uniq_nergalle, uniq_snorg
Lair:4:   layout_cellular_growth, uniq_urug
Lair:5:   layout_cave_pods, gauntlet_entry_generic, lemuel_fruit_tree
Lair:6:   evilmike_catoblepas_cave, layout_regular_city,
          dpeg_slime_entry_enclosed_altar, st_stairs_12, kennysheep_rathole,
          serial_bayou_shore_b, grunt_megastairs_4
Shoals:1: layout_shoals, serial_shops, shop_statue, yaktaur_hedge
Shoals:2: layout_shoals, uniq_polyphemus, uniq_ilsuiw
Orc:1:    layout_caves, basic_altar, chequers_guarded_unrand_ignorance
Orc:2:    grunt_orc_gardens, layout_caves, grunt_orc_garden, grunt_orc_garden,
          grunt_orc_garden, grunt_orc_garden

Skill      XL: |  1  2  3  4  5  6  7  8  9 10 11 12 13 14 15 16 |
---------------+-------------------------------------------------+-----
Conjurations   | 1 2 3 4 5 6 |  6.0
Fire Magic     | 3 4 6 8 9 10 11 12 13 14 | 14.1
Spellcasting   | 3 4 5 7 8 9 11 12 13 14 | 14.4
Stealth        | 2 3 5 |  5.0
Fighting       | 2 4 5 7 9 12 13 14 | 14.0
Dodging        | 2 4 5 6 |  6.0
Armour         | 1 3 4 5 6 |  6.0
Earth Magic    | 3 5 |  5.0
Staves         | 4 5 6 7 |  7.0
Poison Magic   | 1 3 5 |  5.0
Necromancy     | 2 4 |  4.1
Evocations     | 1 3 |  3.0
Shields        | 1 4 |  4.2

Action                   |  1- 3 |  4- 6 |  7- 9 | 10-12 | 13-15 | 16-18 || total
-------------------------+-------+-------+-------+-------+-------+-------++-------
Melee: Unarmed           |     6 |     9 |       |       |       |       ||    15
       Dagger            |       |    17 |       |       |       |       ||    17
       Quarterstaff      |       |    19 |   191 |   341 |   498 |   127 ||  1176
       Staff             |       |       |       |       |    37 |       ||    37
 Fire: Hunting sling     |    55 |    92 |       |       |       |       ||   147
Throw: Stone             |       |       |       |       |     1 |       ||     1
 Cast: Foxfire           |    37 |    54 |   111 |    72 |    59 |     2 ||   335
       Conjure Flame     |     1 |       |       |     1 |     1 |       ||     3
       Sticky Flame      |       |     2 |    15 |    88 |    89 |    27 ||   221
       Fireball          |       |       |     1 |    27 |    48 |     8 ||    84
       Stone Arrow       |       |       |       |     1 |     7 |       ||     8
       Olgreb's Toxic Ra |       |       |       |     3 |   105 |    21 ||   129
       Ignite Poison     |       |       |       |     1 |    57 |     8 ||    66
       Inner Flame       |       |       |       |       |    11 |     5 ||    16
       Iron Shot         |       |       |       |       |     9 |     2 ||    11
       Dispel Undead     |       |       |       |       |     7 |       ||     7
Evoke: Wand              |       |     1 |       |     4 |    11 |       ||    16
       Lightning rod     |       |       |       |       |     4 |       ||     4
  Use: Scroll            |     2 |       |    11 |    10 |    10 |     4 ||    37
       Potion            |       |     1 |       |       |     4 |     2 ||     7
 Stab: Paralysed         |       |     6 |     2 |     1 |     1 |       ||    10
       Sleeping          |       |       |     3 |     1 |     3 |       ||     7
       Petrified         |       |       |       |     6 |       |       ||     6
       Petrifying        |       |       |       |     4 |       |       ||     4
       Confused          |       |       |       |     2 |       |       ||     2
       Distracted        |       |       |       |     1 |       |       ||     1
  Eat: Chunk             |     3 |     7 |    16 |    14 |    31 |     1 ||    72
       Ration            |       |       |     1 |     6 |     5 |     2 ||    14
Armor: Robe              |    11 |    36 |    62 |       |       |       ||   109
       Acid dragon scale |       |       |    65 |   274 |   373 |    77 ||   789
Dodge: Dodged            |    28 |    51 |   163 |   207 |   425 |   209 ||  1083
Block: Other             |       |       |       |       |   123 |    52 ||   175
       Reflection        |       |       |       |       |     2 |     4 ||     6

Table legend:
 A = Non-vault XP
 B = Vault XP
 C = Vault XP percentage of total XP
 D = Non-vault monster count
 E = Vault monster count
 F = Vault count percentage of total count
                 A         B        C        D         E       F
            +---------+---------+-------+---------+---------+-------
      Total |   99972 |   58336 |  36.8 |     590 |     173 |  22.7
            +---------+---------+-------+---------+---------+-------
        D:1 |      57 |       0 |   0.0 |      25 |       0 |   0.0
        D:2 |     144 |     106 |  42.4 |      22 |      13 |  37.1
        D:3 |     116 |     295 |  71.8 |      30 |       1 |   3.2
        D:4 |     160 |     220 |  57.9 |      10 |       1 |   9.1
        D:5 |     431 |       0 |   0.0 |      17 |       0 |   0.0
        D:6 |     561 |       0 |   0.0 |      15 |       0 |   0.0
        D:7 |    1411 |    1760 |  55.5 |      34 |       2 |   5.6
        D:8 |    1552 |    3540 |  69.5 |      16 |      17 |  51.5
        D:9 |     772 |      24 |   3.0 |      13 |       8 |  38.1
       D:10 |    4369 |       0 |   0.0 |      29 |       0 |   0.0
       D:11 |    5349 |     864 |  13.9 |      38 |       1 |   2.6
       D:12 |    6677 |    2632 |  28.3 |      20 |       1 |   4.8
       D:13 |    6264 |    8549 |  57.7 |      22 |      15 |  40.5
       D:14 |    8691 |       0 |   0.0 |      41 |       0 |   0.0
       D:15 |    8229 |    3999 |  32.7 |      19 |       6 |  24.0
     Lair:1 |    3173 |       0 |   0.0 |      17 |       0 |   0.0
     Lair:2 |     856 |     243 |  22.1 |       4 |       2 |  33.3
     Lair:3 |    5282 |    3316 |  38.6 |      20 |      22 |  52.4
     Lair:4 |    3904 |     827 |  17.5 |      20 |       1 |   4.8
     Lair:5 |    9509 |       0 |   0.0 |      35 |       0 |   0.0
     Lair:6 |    9832 |   14149 |  59.0 |      42 |      41 |  49.4
   Shoals:1 |   15343 |     377 |   2.4 |      27 |       1 |   3.6
   Shoals:2 |       0 |    1877 | 100.0 |       0 |       2 | 100.0
      Orc:1 |    1552 |    2224 |  58.9 |      10 |       2 |  16.7
      Orc:2 |    5738 |    7572 |  56.9 |      64 |      25 |  28.1
   Gauntlet |       0 |    5762 | 100.0 |       0 |      12 | 100.0
            +---------+---------+-------+---------+---------+-------
